 Dungeon Crawl Stone Soup version 0.25.1-8-g42b30a86e7 (webtiles) character file.

Game seed: 7113390486051841213

135 raphaelitos the Conjurer (level 4, 0/18 HPs)
             Began as a Felid Conjurer on Dec 12, 2020.
             Was an Initiate of Nemelex Xobeh.
             Slain by Ijyb (2 damage)
             ... on level 3 of the Dungeon.
             The game lasted 00:11:15 (3247 turns).

raphaelitos the Conjurer (Felid Conjurer)           Turns: 3247, Time: 00:11:15

Health: 0/18       AC:  1    Str:  4    XL:     4   Next: 96%
Magic:  0/9        EV: 18    Int: 17    God:    Nemelex Xobeh [......]
Gold:   85         SH:  0    Dex: 16    Spells: 2/8 levels left
                                        Lives:  0   Deaths: 1

rFire    + . .     SeeInvis +     - Unarmed
rCold    + . .     Gourm    .   (shield unavailable)
rNeg     + . .     Faith    .   (armour unavailable)
rPois    +         Spirit   .   (helmet unavailable)
rElec    +         Reflect  .   (cloak unavailable)
rCorr    +         Harm     .   (gloves unavailable)
MR       .....                  (boots unavailable)
Stlth    +++.......             (no amulet)
HPRegen  0.06/turn              (no ring)
MPRegen  0.11/turn              h - ring of positive energy

@: resistant, quick
A: very small, no armour, no weapons or thrown items, stealth, claws 1, fangs 3,
see invisible, carnivore, speed 1, shaggy fur 1, slow metabolism 1, sharp paws
a: Draw Escape, Draw Destruction, Draw Summoning, Renounce Religion


You were on level 3 of the Dungeon.
You worshipped Nemelex Xobeh.
Nemelex Xobeh was noncommittal.
You were very full.

You visited 1 branch of the dungeon, and saw 3 of its levels.

You collected 85 gold pieces.

Inventory:

Jewellery
 d - an uncursed amulet of regeneration {unknown}
 h - a ring of positive energy (right paw)
Scrolls
 a - a scroll of teleportation
 e - a scroll of blinking {unknown}
Potions
 c - 2 potions of flight {unknown}
 i - a potion of ambrosia {unknown}
Comestibles
 b - 5 rations


   Skills:
 + Level 0.5 Fighting
 + Level 3.3 Dodging
 + Level 3.5 Stealth
 + Level 1.4 Unarmed Combat
 + Level 2.9 Spellcasting
 + Level 4.9 Conjurations


You had 2 spell levels left.
You knew the following spells:

 Your Spells              Type           Power        Failure   Level  Hunger
a - Magic Dart            Conj           ###.         2%          1    #......
b - Searing Ray           Conj           ###...       3%          2    ##.....
c - Dazzling Flash        Conj/Hex       ##....       19%         3    ###....

Your spell library contained the following spells:

 Spells                   Type           Power        Failure   Level  Hunger
 Fulminant Prism          Conj/Hex       ##........   54%         4    #####..
 Iskenderun's Mystic Bla  Conj/Tloc      ##......     54%         4    #####..


Dungeon Overview and Level Annotations

Branches:
Dungeon (3/15)

Altars:
Nemelex Xobeh
Ru
Yredelemnul
The Shining One

Annotations:
D:3 Ijyb


Innate Abilities, Weirdness & Mutations

You cannot wear armour.
You are incapable of wielding weapons or throwing items.
Your paws allow you to move quietly. (Stealth)
You have sharp claws.
You have razor-sharp teeth.
You have supernaturally acute eyesight. (SInv)
You are carnivorous and can eat meat at any time.
You cover ground quickly.
You are covered in fur. (AC +1)
You have a slow metabolism.
Your sharp claws are effective at attacking unaware monsters.


Message History

Ijyb barely misses you.
You miss Ijyb.
Ijyb is severely wounded.
Ijyb hits you.
* * * LOW HITPOINT WARNING * * *
You closely miss Ijyb.
Ijyb is severely wounded.
Ijyb hits you.
* * * LOW HITPOINT WARNING * * *
Casting: Magic Dart (safe; 2% risk of failure)
Confirm with . or Enter, or press ? or * to list all spells.
Aiming: Magic Dart (safe; 2% risk of failure)
Press: ? - help, Shift-Dir - straight line, f/p - Ijyb
Aim: Ijyb, wearing a +0 leather armour of magic resistance and carrying a wand of iceblast (6) (severely wounded)
The magic dart hits Ijyb.
Ijyb is almost dead.
Ijyb misses you. Ijyb hits you.
You die...
Your body disappears without a glow.

#.....#...# #.#
#.###.##..##..###.###
#.........##..#.....#
.......##......#.#.#.#
.......#...##....#.#.#
.......#...#.#..)#.#.###
.......#...#.....#.....#
.......###...##.g#.#####
....... #......@..#
....J..
#...###...####### #...#
#.........# #...#
##..#####.# # #...# #..#
#.###...#
#..############
#.......#
##>...........#
####....# ############.#
#....################.#


You could see Ijyb.

Vanquished Creatures
  Jessica (D:3)
  Terence (D:3)
  Robin (D:2)
  4 adders
  A gnoll (D:1)
  2 worms (D:3)
  3 dart slugs
  3 leopard geckos
  3 bats
  A giant cockroach (D:1)
  11 goblins
  6 hobgoblins
  9 kobolds
  A quokka (D:2)
  8 frilled lizards
  6 rats
61 creatures vanquished.

Notes
Turn   | Place    | Note
-------+----------+-------------------------------------------
     0 | D:1      | raphaelitos the Felid Conjurer began the quest for the Orb.
     0 | D:1      | Reached XP level 1. HP: 7/7 MP: 4/4
    72 | D:1      | Reached skill level 4 in Conjurations
    72 | D:1      | Reached XP level 2. HP: 11/11 MP: 1/6
   621 | D:1      | Reached XP level 3. HP: 11/14 MP: 7/7
  1331 | D:2      | Learned a level 2 spell: Searing Ray
  1335 | D:2      | Learned a level 3 spell: Dazzling Flash
  1844 | D:2      | Reached XP level 4. HP: 18/18 MP: 6/8
  2003 | D:2      | Noticed Robin
  2033 | D:1      | Slain by a hobgoblin
  2034 | D:1      | Reached XP level 3. HP: -2/14 MP: 0/7
  2086 | D:2      | Killed Robin
  2539 | D:3      | Found a basalt altar of Yredelemnul.
  2540 | D:3      | Found a glowing golden altar of the Shining One.
  2541 | D:3      | Found a sparkling altar of Nemelex Xobeh.
  2543 | D:3      | Found a sacrificial altar of Ru.
  2550 | D:3      | Became a worshipper of Nemelex Xobeh the Trickster
  2701 | D:3      | Found a faded altar of an unknown god.
  2705 | D:3      | Received a gift from Nemelex Xobeh
  2829 | D:3      | Noticed Terence
  2835 | D:3      | Killed Terence
  2835 | D:3      | Reached skill level 1 in Unarmed Combat
  2835 | D:3      | Reached XP level 4. HP: 18/18 MP: 3/9
  2851 | D:3      | Noticed Jessica
  2853 | D:3      | Killed Jessica
  2945 | D:3      | Noticed Ijyb
  3247 | D:3      | Slain by Ijyb

Illustrated notes

Levels and vault maps discovered:
D:1:      elethiomel_arrival_quiet, layout_basic
D:2:      layout_basic, minmay_tiny_reverse_x, uniq_robin
D:3:      layout_basic, grunt_temple_overflow_open,
          chequers_ecumenical_altar_simple_redux, uniq_jessica, uniq_terence,
          uniq_ijyb

Skill      XL: |  1  2  3 |
---------------+----------+-----
Conjurations   | 4 |  4.9
Stealth        | 3 |  3.5
Dodging        | 3 |  3.3
Unarmed Combat | 1 |  1.4
Fighting       | |  0.5
Spellcasting   | |  2.9

Action                   |  1- 3 |  4- 6 || total
-------------------------+-------+-------++-------
Melee: Unarmed           |    39 |    42 ||    81
       Bite              |     2 |     4 ||     6
 Cast: Magic Dart        |    82 |    13 ||    95
       Searing Ray       |     5 |     9 ||    14
Invok: Draw Destruction  |     2 |       ||     2
  Use: Scroll            |     5 |       ||     5
       Potion            |     1 |     3 ||     4
 Stab: Sleeping          |     3 |     2 ||     5
  Eat: Chunk             |    17 |     1 ||    18
Armor: Skin              |     4 |     1 ||     5
Dodge: Dodged            |    42 |    49 ||    91
